 Dungeon Crawl Stone Soup version 0.18-a0-1570-gf60b0ab (webtiles) character file.

379 mopl the Insei (level 6, 0/47 HPs)
             Began as a Mummy Monk on Mar 14, 2016.
             Slain by an ogre
             ... wielding a cursed -3 giant spiked club
              (27 damage)
             ... on level 4 of the Dungeon.
             The game lasted 00:07:49 (5980 turns).

mopl the Insei (Mummy Monk)                         Turns: 5980, Time: 00:07:49

Health: 0/47       AC:  0    Str: 15    XL:     6   Next: 45%
Magic:  6/6        EV: 13    Int:  9    God:
Gold:   198        SH:  0    Dex: 14    Spells: 0 memorised, 5 levels left

rFire  x . .     SeeInvis .       - Unarmed
rCold  + . .     Gourm    .     (no armour)
rNeg   + + +     Faith    .     (no shield)
rPois  ∞         Spirit   .     (no helmet)
rElec  .         Dismiss  .     (no cloak)
rCorr  +         Reflect  .     (no gloves)
SustAt .         Harm     .     (no boots)
MR     .....                    (no amulet)
Stlth  ++........               d - ring of resist corrosion
                                f - -2 ring of dexterity (curse)

@: not resistant to hostile enchantments, unstealthy
A: no food or potions, fire vulnerability, cold resistance 1, negative energy
resistance 3, torment resistance, unbreathing
a: no special abilities


You were on level 4 of the Dungeon.
You were not hungry.

You visited 1 branch of the dungeon, and saw 4 of its levels.

You collected 198 gold pieces.

Inventory:

Jewellery
 d - a ring of resist corrosion (right hand)
 f - a cursed -2 ring of dexterity (left hand)
Scrolls
 b - a scroll of enchant armour
 e - 2 scrolls of remove curse {unknown}


   Skills:
 + Level 3.2 Fighting
 + Level 2.6 Dodging
 - Level 1.5 Stealth
 * Level 6.3 Unarmed Combat


You had 5 spell levels left.
You didn't know any spells.

Dungeon Overview and Level Annotations

Branches:
Dungeon (4/15)             Temple (0/1) D:4

Altars:
Ashenzari
Fedhas
Nemelex Xobeh
Okawaru
Pakellas
Sif Muna
Xom

Shops:
D:4 }


Innate Abilities, Weirdness & Mutations

You do not eat or drink.
Your flesh is vulnerable to fire.
You are immune to poison.
Your flesh is cold resistant.
You are immune to negative energy.
You are immune to unholy pain and torment.
You can survive without breathing.


Message History

No target in view!
There is an open door here.
You open the door.
There is an open door here.
The ogre is too close now for your liking.
You hit the ogre.
The ogre is lightly wounded.
The ogre hits you with a giant spiked club!!
You hit the ogre.
The ogre is lightly wounded.
The ogre misses you.
A giant cockroach comes into view.
There is an open door here.
You punch the ogre!
The ogre is moderately wounded.
You punch the ogre!
The ogre is severely wounded.
The ogre hits you with a giant spiked club!!
Ouch! That really hurt!
You die...

#...>.........#..............
#.............#..............
#.............#..............
######<...##+##.####...##.....#
#.####.....#.##.####...##.....#
#....#...8>8<...........#......
#....#..................'......
#....#..................#.(.!..
#....'.......O@.........#......
#....#.................^#......
#.####....##.####.##.####...###
#'##########.####.##.######'###
....#?......#.....#.....#......#.
....#.......+.....#.....#......'.
....#.......#.....'.....#......#.
....#.......#....!#.....#......#.
#..###..##..###..#####+##.....###


You could see an ogre.

Vanquished Creatures
  The ghost of Galewind the Conjurer, an amateur DECj (D:3)
  An orc wizard (D:3)
  A giant frog skeleton (D:4)
  3 orc priests
  3 adders
  3 gnolls
  An ooze (D:1)
  4 worms
  A dart slug (D:1)
  A giant gecko (D:2)
  7 orcs
  2 ball pythons
  5 giant cockroaches
  4 goblins
  11 hobgoblins
  11 kobolds
  A quokka (D:4)
  5 bats
  7 giant newts
  14 rats
86 creatures vanquished.

Vanquished Creatures (others)
  A jelly (D:3)
1 creature vanquished.

Grand Total: 87 creatures vanquished

Notes
Turn   | Place    | Note
--------------------------------------------------------------
     0 | D:1      | mopl the Mummy Monk began the quest for the Orb.
     0 | D:1      | Reached XP level 1. HP: 18/18 MP: 1/1
   123 | D:1      | Reached XP level 2. HP: 18/24 MP: 2/2
   925 | D:1      | Reached skill level 4 in Unarmed Combat
  1188 | D:1      | Reached XP level 3. HP: 27/29 MP: 3/3
  1407 | D:2      | Found a deep blue altar of Sif Muna.
  1580 | D:2      | Found an iron altar of Okawaru.
  2126 | D:2      | Reached XP level 4. HP: 24/35 MP: 4/4
  2604 | D:3      | Noticed Galewind's ghost (amateur DECj)
  2611 | D:3      | Killed Galewind's ghost
  2611 | D:3      | Reached skill level 5 in Unarmed Combat
  2611 | D:3      | Reached XP level 5. HP: 8/41 MP: 5/5
  2877 | D:3      | Found a shattered altar of Ashenzari.
  2877 | D:3      | Found a shimmering altar of Xom.
  2878 | D:3      | Found a sparkling altar of Nemelex Xobeh.
  3461 | D:3      | Found an oddly glowing altar of Pakellas.
  3461 | D:3      | Noticed an orange crystal statue
  3886 | D:3      | HP: 1/41 [gnoll/flail (5)]
  4871 | D:3      | Reached skill level 6 in Unarmed Combat
  4950 | D:3      | Reached XP level 6. HP: 44/47 MP: 6/6
  4998 | D:3      | Found a blossoming altar of Fedhas.
  5613 | D:4      | Found Ucsearih's Gadget Shop.
  5702 | D:4      | Found a staircase to the Ecumenical Temple.
  5980 | D:4      | Slain by an ogre

Vault maps used:
D:1:      roderic_chinese_lattice_arrival, minmay_surrounded
D:2:      okawaru_gym_becter, lemuel_blue_sif_altar
D:3:      fedhas_altar_fruit_tree, gammafunk_pakellas_statue_experiment,
          gammafunk_temple_overflow_claw
D:4:      kennysheep_mini, temple_statues, serial_shops, shop

Skill      XL: |  1  2  3  4  5 |
---------------+----------------+-----
Unarmed Combat | 4 5 6 |  6.3
Fighting       | |  3.2
Dodging        | |  2.6
Stealth        | |  1.5

Action                   |  1- 3 |  4- 6 || total
-------------------------+-------+-------++-------
Melee: Unarmed           |   154 |   188 ||   342
  Use: Scroll            |     4 |     1 ||     5
 Stab: Distracted        |     2 |       ||     2
       Sleeping          |     5 |     4 ||     9
